 Dungeon Crawl Stone Soup version 0.20.1-1-g8b1a95d66d (webtiles) character file.

400 Gargoyl the Skirmisher (level 6, -2/53 HPs)
             Began as a Centaur Abyssal Knight on Dec 8, 2017.
             Was a Believer of Lugonu.
             Slain by an orc warrior
             ... wielding a +0 halberd
              (15 damage)
             ... on level 4 of the Dungeon.
             The game lasted 00:07:15 (4558 turns).

Gargoyl the Skirmisher (Centaur Abyssal Knight)     Turns: 4558, Time: 00:07:16

Health: -2/53      AC:  7    Str: 15      XL:     6   Next: 54%
Magic:  8/8        EV:  6    Int:  8 (11) God:    Lugonu [**....]
Gold:   213        SH:  4    Dex:  8 (10) Spells: 5/5 levels left

rFire    . . .     SeeInvis .   g - +0 war axe
rCold    . . .     Gourm    .   h - +0 buckler
rNeg     . . .     Faith    .   p - +0 scale mail
rPois    .         Spirit   .   (no helmet)
rElec    .         Reflect  +   (no cloak)
rCorr    .         Harm     .   u - +0 pair of gloves
MR       .....                  (no barding)
Stlth    ..........             o - +2 amulet of reflection
Regen    0.2/turn               (no ring)
MPRegen  0.2/turn               (no ring)

@: lethally poisoned (-2 -> -3), very quick
A: hooves 3, deformed body, speed 2, tough skin 3
a: Depart the Abyss, Bend Space, Renounce Religion


You were on level 4 of the Dungeon.
You worshipped Lugonu.
Lugonu was pleased with you.
You were hungry.

You visited 1 branch of the dungeon, and saw 4 of its levels.
You visited the Abyss 1 time.

You collected 213 gold pieces.

Inventory:

Hand Weapons
 a - a +2 hand axe
 g - a +0 war axe (weapon)
Armour
 h - a +0 buckler (worn)
 p - a +0 scale mail (worn)
 u - a +0 pair of gloves (worn)
Jewellery
 o - a +2 amulet of reflection (around neck)
Wands
 n - a wand of digging (9/24)
Scrolls
 e - a scroll of amnesia
 f - 7 scrolls of remove curse
 i - a scroll of blinking
 q - 2 scrolls of identify
 s - a scroll of magic mapping
Potions
 b - a potion of brilliance {unknown}
 j - 2 potions of magic
 r - a potion of cancellation
 t - a potion of flight {unknown}
Books
 d - a book of Minor Magic

   Spells                             Type                      Level
   a - Magic Dart                     Conjuration                  1
   b - Blink                          Translocation                2
   c - Call Imp                       Summoning                    2
   d - Slow                           Hexes                        2
   e - Conjure Flame                  Conjuration/Fire             3
   f - Mephitic Cloud                 Conjuration/Poison/Air       3
Comestibles
 c - 3 bread rations
 k - 3 royal jellies
 l - a meat ration
 m - 4 fruits


   Skills:
 + Level 4.6 Fighting
 + Level 3.3 Axes
 * Level 3.1 Armour
 + Level 1.2 Dodging
 + Level 0.1 Shields
 * Level 3.2 Invocations


You had 5 spell levels left.
You didn't know any spells.

Dungeon Overview and Level Annotations

Branches:
Dungeon (4/15)
 Temple: D:4-7

Altars:
Ashenzari
Cheibriados
Fedhas
Qazlal
Uskayaw


Innate Abilities, Weirdness & Mutations

You have hooves in place of feet.
Armour fits poorly on your strangely shaped body.
You cover ground very quickly.
You have extremely tough skin. (AC +3)


Message History

You feel sick.
The orc warrior hits you with a halberd!
You slash the orc warrior!
The orc warrior is moderately wounded.
The orc warrior hits you with a halberd.
You hit the orc warrior. You kick the orc warrior.
The orc warrior is heavily wounded.
You block the orc warrior's attack.
You hit the orc warrior but do no damage.
The orc warrior is heavily wounded.
You feel sick.
The orc warrior hits you with a halberd.
You slash the orc warrior!
The orc warrior is almost dead.
The orc warrior hits you with a halberd!
* * * LOW HITPOINT WARNING * * *
You hit the orc warrior. You kick the orc warrior.
The orc warrior is almost dead.
The orc warrior hits you with a halberd!
You die...

#......Z.. #........# #........#
.#..###........# ...............#
........###Z##.# #.#######.....[#
##################>##....<....###
.......##.......@o..#..###l.....#
.#####.##.###.#.##.....# #o.....#
.#####.##.#...#.###.#..###..#.#.#
.##..............## #"..........#
.##.##.##.#...#..# #........####
.....#.##..##.#..# ########.# #
.......##.......... (.# #
#.#...###.P.P....##.#. #...# #
#.....# #.._.....##.#.# #...# #


You could see an orc warrior.

Vanquished Creatures
  An eye of draining (Abyss:1)
  2 hounds
  An orc priest (D:3)
  3 worker ants
  8 adders
  An ooze (D:2)
  4 worms
  A dart slug (D:3)
  2 leopard geckos
  5 orcs (D:3)
  5 bats
  5 giant cockroaches
  9 goblins
  5 hobgoblins
  5 frilled lizards
  4 kobolds
  9 rats
70 creatures vanquished.

Notes
Turn   | Place    | Note
-------+----------+-------------------------------------------
     0 | Abyss:1  | Gargoyl the Centaur Abyssal Knight began the quest for the Orb.
     0 | Abyss:1  | Reached XP level 1. HP: 19/19 MP: 2/2
    93 | Abyss:1  | Noticed an eye of draining
   104 | Abyss:1  | Killed an eye of draining
   104 | Abyss:1  | Reached skill level 4 in Fighting
   104 | Abyss:1  | Reached XP level 2. HP: 27/27 MP: 3/3
   104 | Abyss:1  | Reached XP level 3. HP: 33/33 MP: 4/4
   104 | Abyss:1  | Reached XP level 4. HP: 40/40 MP: 5/5
   111 | Abyss:1  | Noticed a ynoxinul
   142 | Abyss:1  | Noticed a ynoxinul
   145 | D:1      | Escaped the Abyss
   333 | D:1      | Reached * piety under Lugonu
  1219 | D:2      | Reached XP level 5. HP: 47/47 MP: 6/6
  1306 | D:2      | Found a hide-covered altar of Uskayaw.
  1478 | D:2      | Reached skill level 1 in Dodging
  1832 | D:2      | Found a shattered altar of Ashenzari.
  2132 | D:3      | Reached ** piety under Lugonu
  2631 | D:3      | Found a snail-covered altar of Cheibriados.
  3059 | D:3      | Found a stormy altar of Qazlal.
  3155 | D:3      | Reached XP level 6. HP: 20/53 MP: 8/8
  3528 | D:4      | Noticed an orc warrior
  4490 | D:4      | Found a blossoming altar of Fedhas.
  4558 | D:4      | Slain by an orc warrior

Skill      XL: |  1  2  3  4  5  6 |
---------------+-------------------+-----
Fighting       | 4 |  4.6
Axes           | 2 3 |  3.3
Armour         | 2 3 |  3.1
Dodging        | 1 |  1.2
Invocations    | 3 |  3.2
Shields        | |  0.1

Action                   |  1- 3 |  4- 6 || total
-------------------------+-------+-------++-------
Melee: Hand axe          |     6 |    35 ||    41
       Kick              |     3 |    41 ||    44
       War axe           |       |   179 ||   179
Invok: Depart the Abyss  |       |     1 ||     1
  Use: Scroll            |       |    10 ||    10
       Potion            |       |     3 ||     3
  Eat: Chunk             |       |     9 ||     9
Armor: Leather armour    |       |    35 ||    35
       Scale mail        |       |    51 ||    51
Dodge: Dodged            |       |    96 ||    96
Block: Buckler           |       |    33 ||    33
